AoeStats
← Killazh

Arabia

510812850Analyzed
2v2 RM · 14h ago on Oct 2, 2026· 59m 0s· 4 players
Game mode
Random Map
Map size
Medium (4 player)
Population
200
Speed
Normal
Resources
Standard
Victory
Conquest
Starting age
Dark Age
Ending age
Imperial Age
RankedLock teamsTeams togetherTeam positionsShared explorationLock speedFull tech treeHidden civsTurbo modeCheats
Victory
Defeat
🇪🇸 Wei · Spain
751
+12
🇨🇳 Persians · China
717
+14
🇩🇰 Spanish · Denmark
673
-13
🇩🇰 Mongols · Denmark
672
-13
山海
12:54 Feudal Age
11:12 Loom
13:35 Double-Bit Axe
13:33 Horse Collar
16:28 Gold Mining
18:42 Stone Mining
19:09 Forging
21:15 Scale Barding Armor
24:20 Castle Age
26:13 Bow Saw
27:53 Gold Shaft Mining
27:57 Stone Shaft Mining
29:29 Ballistics
31:09 Chain Barding Armor
30:53 Padded Archer Armor
32:18 Thumb Ring
32:09 Fletching
34:02 Wheelbarrow
33:31 Heavy Plow
35:27 Iron Casting
34:58 Bodkin Arrow
36:32 Parthian Tactics
37:23 Hand Cart
40:12 Imperial Age
40:42 Masonry
40:32 Elite War Elephant
41:50 Hoardings
42:20 Blast Furnace
41:57 Plate Barding Armor
41:39 Leather Archer Armor
42:37 Chemistry
42:51 Two-Man Saw
42:23 Crop Rotation
42:38 Kamandaran
45:47 Architecture
47:17 Ring Archer Armor
46:51 Town Watch
WAR_LORD
13:54 Feudal Age
12:30 Loom
15:07 Horse Collar
15:15 Double-Bit Axe
18:52 Bloodlines
21:36 Castle Age
20:30 Gold Mining
21:17 Bloodlines
21:42 Scale Barding Armor
21:49 Forging
21:40 Stone Mining
23:52 Wheelbarrow
23:56 Heavy Plow
25:22 Chain Barding Armor
25:08 Husbandry
25:52 Bow Saw
26:19 Gold Shaft Mining
29:04 Stone Shaft Mining
29:10 Iron Casting
28:46 Padded Archer Armor
30:12 Hand Cart
30:59 Leather Archer Armor
36:53 Ballistics
39:26 Imperial Age
41:58 Blast Furnace
41:30 Ring Archer Armor
41:33 Crop Rotation
43:12 Conscription
42:16 Elite Tiger Cavalry
44:10 Tuntian
44:38 Ming Guang Armor
Killazh
14:42 Feudal Age
15:02 Horse Collar
15:08 Double-Bit Axe
21:25 Castle Age
19:29 Stone Mining
19:45 Gold Mining
21:34 Scale Barding Armor
21:40 Forging
22:43 Heavy Plow
22:37 Light Cavalry
23:42 Chain Barding Armor
23:42 Bloodlines
27:06 Husbandry
30:39 Iron Casting
30:06 Scale Mail Armor
32:49 Imperial Age
30:09 Loom
31:00 Wheelbarrow
31:32 Fortified Wall
31:39 Bow Saw
32:07 Gold Shaft Mining
32:14 Stone Shaft Mining
33:21 Chain Mail Armor
34:27 Squires
33:59 Man-at-Arms
35:20 Heavy Camel Rider
36:28 Hand Cart
36:04 Pikeman
36:12 Capped Ram
38:11 Plate Mail Armor
38:08 Siege Ram
38:54 Caravan
39:03 Town Watch
39:30 Arson
41:31 Conscription
42:01 Nomads
44:06 Drill
45:47 Hussar
mics114
2:15 Loom
11:48 Feudal Age
12:24 Double-Bit Axe
16:18 Wheelbarrow
18:20 Stone Mining
18:25 Gold Mining
20:57 Horse Collar
29:23 Castle Age
27:48 Town Watch
29:35 Bloodlines
32:30 Hand Cart
32:16 Town Patrol
32:14 Pikeman
32:55 Squires
32:40 Arson
32:41 Gambesons
32:17 Man-at-Arms
36:51 Imperial Age
35:43 Inquisition
37:27 Long Swordsman
37:46 Light Cavalry
38:31 Guard Tower
39:42 Conscription
40:13 Stone Shaft Mining
39:52 Bow Saw
41:21 Forging
41:02 Fletching
41:12 Padded Archer Armor
41:13 Scale Mail Armor
41:18 Scale Barding Armor
42:27 Elite Conquistador
43:43 Ballistics
44:43 Halberdier
45:24 Capped Ram
46:56 Sappers
48:01 Hoardings
57:50 Hussar
Connection lost

Rejoining the realm…

Still unreachable

The connection could not be restored.

Session expired

The server has moved on; the page needs a fresh start.